Map: Pylon LE

Players

MaxPax

  • Race: Protoss Protoss
  • Spawn Location: 5:00

FalconsSolar (Solar) - Winner!

  • Race: Zerg Zerg
  • Spawn Location: 11:00

VOD

Have the link to the VOD?

Description

Time

  • Played on: May 13, 2025, 9:45 p.m.
  • Length: 7:45
Show
View Real Time Build Order
Export as new Build Order

MaxPax Protoss 

Build Orders: 1 Gate Expand, Oracle Opening 

Get SALT Encoding   

  12  0:00  Probe  
  13  0:12  Probe  
  14  0:20  Pylon  
  14  0:24  Probe  
  15  0:34  Probe  
  15  0:40  Gateway  
  15  0:42  Probe  
  16  0:49  Assimilator  
  17  0:52  Probe  
  18  1:04  Probe  
  19  1:16  Probe  
  20  1:27  Nexus  
  20  1:36  Cybernetics Core  
  20  1:39  Probe  
  21  1:45  Assimilator  
  21  1:51  Probe  
  22  1:55  Pylon  
  22  2:03  Probe  
  23  2:11  Probe  
  23  2:13  Adept  
  26  2:18  Stargate  
  26  2:19  Probe  
  26  2:28  Warp Gate  
  27  2:30  Probe  
  27  2:35  Probe  
  28  2:42  Probe  
  28  2:43  Adept, Probe  
  33  2:53  Void Ray  
  33  2:54  Probe  
  33  2:55  Probe  
  39  3:06  Probe  
  39  3:07  Probe  
  39  3:12  Pylon  
  41  3:18  Probe  
  41  3:19  Probe  
  43  3:24  Oracle  
  43  3:30  Probe  
  43  3:31  Probe  
  48  3:39  Nexus  
  48  3:43  Pylon  
  48  3:45  Probe  
  48  3:47  Probe  
  50  3:53  Gateway  
  50  3:59  Twilight Council  
  51  4:03  Gateway  
  51  4:07  Gateway  
  51  4:09  Resonating Glaives, Probe  
  51  4:11  Probe  
  51  4:16  Assimilator  
  52  4:17  Assimilator  
  52  4:18  Adept  
  52  4:21  Probe  
  52  4:24  Probe  
  56  4:33  Probe  
  56  4:36  Probe  
  58  4:46  Probe  
  58  4:47  Adept  
  58  4:48  Probe  
  58  4:49  Pylon  
  58  4:52  Probe  
  63  4:53  Adept  
  63  4:58  Probe  
  66  5:01  Probe  
  66  5:02  Adept  
  66  5:03  Adept  
  66  5:05  Probe  
  72  5:09  Pylon, Adept  
  72  5:10  Probe  
  72  5:13  Probe  
  76  5:17  Probe  
  76  5:20  Adept  
  79  5:23  Probe  
  79  5:25  Adept x2, Probe  
  85  5:29  Probe  
  85  5:30  Pylon  
  85  5:31  Adept  
  85  5:35  Forge, Probe  
  89  5:36  Blink  
  89  5:37  Probe  
  89  5:41  Probe  
  91  5:43  Adept  
  91  5:45  Shield Battery  
  91  5:48  Probe  
  91  5:49  Probe  
  95  5:50  Pylon  
  95  5:53  Probe  
  96  6:02  Probe  
  91  6:08  Probe  
  86  6:13  Probe, Stalker x2  
  86  6:14  Stalker x2  
  86  6:15  Assimilator  
  86  6:16  Assimilator  
  93  6:19  Probe  
  93  6:23  Probe  
  91  6:27  Gateway  
  91  6:28  Oracle, Gateway  
  80  6:36  Probe x2  
  80  6:37  Gateway  
  80  6:39  Photon Cannon  
  85  6:40  Gateway, Stalker x2  
  85  6:41  Shield Battery  
  85  6:46  Stalker  
  91  6:47  Templar Archives  
  91  6:49  Stalker  
  93  7:00  Photon Cannon  
  93  7:02  Pylon  
  93  7:04  Stalker  
  93  7:05  Stalker  
  97  7:12  Adept x2  
  83  7:23  Stalker x2  
  81  7:36  Stalker x4  
  81  7:37  Stalker x2  
Show
View Real Time Build Order
Export as new Build Order

FalconsSolar Zerg - Winner!

Build Orders: Hatch First 

Get SALT Encoding   

  12  0:00  Drone  
  13  0:08  Drone  
  13  0:13  Extractor  
  13  0:15  Drone  
  15  0:35  Hatchery  
  14  0:38  Extractor  
  14  0:40  Drone  
  15  0:46  Overlord  
  15  1:04  Drone x3  
  15  1:07  Extractor  
  17  1:15  Spawning Pool  
  17  1:18  Drone  
  17  1:27  Drone  
  18  1:37  Drone  
  19  1:47  Drone  
  19  1:49  Drone  
  21  1:57  Overlord  
  21  2:03  Queen x2  
  21  2:05  Zergling x2  
  26  2:10  Drone  
  26  2:11  Drone  
  28  2:20  Drone  
  28  2:21  Metabolic Boost  
  29  2:23  Drone  
  30  2:32  Drone  
  30  2:34  Drone  
  32  2:41  Hatchery  
  31  2:45  Overlord  
  31  2:52  Queen  
  31  2:55  Drone  
  31  2:56  Drone  
  35  2:58  Zergling x2  
  35  3:05  Drone x2  
  38  3:14  Drone x3  
  38  3:17  Overlord  
  38  3:19  Drone x3  
  44  3:25  Spore Crawler  
  44  3:26  Zergling x2  
  43  3:35  Queen x2  
  43  3:39  Overlord  
  43  3:40  Zergling x2  
  48  3:44  Drone  
  49  3:49  Drone x3  
  49  3:54  Drone x2  
  49  3:55  Queen  
  54  3:58  Spore Crawler  
  55  4:03  Evolution Chamber, Drone  
  55  4:06  Zergling x4  
  55  4:09  Overlord  
  57  4:11  Overlord  
  57  4:15  Drone  
  58  4:22  Overlord  
  58  4:29  Drone x8  
  66  4:34  Zerg Melee Weapons Level 1  
  66  4:37  Zergling x4  
  68  4:44  Extractor  
  68  4:45  Roach Warren, Drone x4  
  69  4:48  Drone  
  69  4:52  Lair  
  70  4:54  Drone x2  
  70  4:58  Drone  
  70  4:59  Drone x2  
  75  5:01  Overlord  
  75  5:04  Drone x3  
  78  5:15  Extractor  
  78  5:16  Extractor  
  78  5:17  Zergling x8  
  78  5:18  Hatchery  
  78  5:20  Drone x2  
  80  5:21  Drone  
  80  5:23  Overlord  
  80  5:24  Zergling x2  
  80  5:26  Zergling x4  
  84  5:33  Overlord  
  84  5:34  Zergling x6  
  87  5:37  Roach  
  87  5:40  Overlord  
  90  5:43  Roach x3  
  90  5:48  Roach  
  96  5:50  Glial Reconstitution  
  96  5:52  Overlord  
  96  5:53  Roach  
  96  6:00  Roach x4  
  96  6:04  Zergling x8  
  99  6:09  Roach  
  94  6:12  Roach x4  
  94  6:17  Ravager  
  101  6:18  Zergling x4  
  101  6:21  Overlord  
  103  6:30  Zergling x4  
  103  6:35  Roach x3  
  109  6:41  Zergling x6  
  109  6:43  Ravager  
  109  6:47  Hatchery, Ravager  
  114  6:48  Zergling x6  
  116  6:58  Ravager  
  116  6:59  Zergling x6  
  120  7:06  Overlord, Zergling x4  
  121  7:09  Zergling x2  
  121  7:10  Overlord  
  121  7:12  Overlord  
  120  7:19  Zergling x12  
  117  7:27  Zergling x4  
Tags
 
Add a new tag
Caveats
  • Supply blocks, unpowered buildings, or Contaminate may cause inaccurate times.
  • Supply counts are checked every 10 seconds.